Map: 匹昂台地

Players

shengy - Winner!

  • Race: Zerg Zerg
  • League: Platinum

Vlagnir

  • Race: Zerg Zerg
  • League: Diamond

VOD

Have the link to the VOD?

Description

Time

  • Played on: Dec. 31, 2015, 10:11 p.m.
  • Length: 14:29
Show
View Real Time Build Order
Export as new Build Order

shengy Zerg - Winner!

Build Orders: Pool First, Lurkers, Zergling Baneling 

Get SALT Encoding   

  12  0:01  Drone  
  13  0:08  Drone  
  14  0:17  Overlord  
  14  0:26  Drone, Extractor  
  15  0:40  Spawning Pool  
  15  0:41  Drone  
  15  0:46  Drone  
  15  0:49  Drone  
  17  0:56  Drone  
  18  0:59  Extractor  
  17  1:06  Drone  
  18  1:21  Hatchery  
  17  1:25  Drone  
  18  1:37  Queen  
  20  1:44  Zergling x2  
  20  1:45  Zergling x2  
  22  1:54  Overlord  
  22  2:06  Metabolic Boost  
  22  2:15  Queen  
  24  2:28  Zergling x2  
  24  2:29  Zergling x4  
  27  2:47  Baneling Nest  
  27  2:49  Zergling x4  
  27  2:50  Zergling x6  
  32  2:51  Zergling x2  
  32  3:13  Overlord  
  32  3:14  Zergling x6  
  35  3:33  Baneling x4  
  29  4:10  Zergling x2  
  29  4:11  Zergling x16  
  29  4:15  Baneling  
  29  4:16  Baneling x2  
  30  4:39  Zergling x12  
  30  4:43  Overlord  
  36  4:47  Baneling x7  
  36  4:56  Zergling x4  
  23  5:40  Drone x12  
  35  5:48  Roach Warren  
  35  5:49  Extractor, Drone  
  34  6:09  Lair  
  34  6:10  Zergling x2  
  34  6:11  Zergling x8  
  39  6:13  Baneling x2  
  39  6:20  Drone x3  
  39  6:22  Drone  
  39  7:12  Baneling  
  39  7:13  Baneling  
  39  7:21  Overlord x3  
  38  7:37  Roach  
  38  7:38  Roach x6  
  38  7:39  Roach x2  
  38  7:40  Roach x2  
  38  7:41  Roach x4  
  66  8:00  Glial Reconstitution, Overlord  
  66  8:01  Zergling x2  
  66  8:02  Zergling x8  
  71  8:08  Extractor  
  70  8:28  Zergling x8  
  70  8:30  Extractor  
  70  8:32  Hatchery  
  72  8:34  Extractor  
  71  8:55  Overlord  
  71  8:56  Overlord  
  71  8:57  Roach x4  
  71  8:58  Roach  
  80  9:10  Drone x2  
  80  9:11  Hydralisk Den  
  53  9:52  Queen  
  53  9:58  Roach  
  53  9:59  Roach x8  
  61  10:12  Roach  
  61  10:13  Roach x2  
  59  10:42  Roach x6  
  70  11:07  Burrow  
  70  11:16  Lurker Den  
  70  11:18  Drone  
  70  11:19  Drone x7  
  70  11:23  Extractor  
  77  11:45  Zergling x10  
  82  11:58  Hydralisk x3  
  82  11:59  Hydralisk  
  77  12:15  Hydralisk x2  
  76  12:20  Zergling x6  
  76  12:21  Roach x18  
  81  12:26  Baneling  
  81  12:31  Drone x2  
  83  12:46  Zergling x2  
  84  12:56  Zergling x4  
  86  12:58  Baneling x3  
  86  12:59  Baneling x2  
  86  13:05  Overlord  
  86  13:09  Baneling x2  
  86  13:14  Overseer  
  86  13:20  Lurker x2  
  86  13:21  Lurker x2  
  86  13:24  Lurker  
  91  13:36  Lurker  
  92  13:45  Drone  
  92  13:46  Drone x4  
  97  13:54  Baneling x4  
Show
View Real Time Build Order
Export as new Build Order

Vlagnir Zerg 

Build Orders: Hatch First 

Get SALT Encoding   

  12  0:01  Drone  
  13  0:08  Drone  
  14  0:17  Overlord  
  14  0:22  Extractor  
  14  0:23  Drone  
  16  0:35  Drone x2  
  17  0:46  Drone  
  18  0:59  Drone  
  18  1:02  Hatchery  
  18  1:13  Spawning Pool  
  18  1:14  Drone  
  18  1:21  Drone  
  19  1:34  Drone  
  20  1:44  Hatchery  
  20  1:46  Overlord  
  19  1:53  Drone  
  20  2:00  Queen  
  22  2:07  Zergling x2  
  23  2:12  Zergling x2  
  23  2:15  Queen  
  26  2:16  Drone  
  26  2:21  Drone  
  28  2:27  Zergling x2  
  29  2:33  Zergling x2  
  30  2:40  Spine Crawler x2  
  28  2:45  Overlord  
  28  2:52  Drone  
  28  2:53  Drone  
  30  3:01  Drone x3  
  30  3:04  Extractor  
  32  3:06  Extractor  
  32  3:08  Drone x3  
  34  3:15  Drone x2  
  36  3:21  Zergling x2  
  37  3:28  Spine Crawler  
  36  3:34  Zergling x4  
  36  3:35  Zergling x2  
  36  3:50  Zergling x2  
  36  3:51  Zergling x10  
  36  3:52  Zergling x2  
  30  4:14  Baneling Nest  
  28  4:36  Zergling x2  
  28  4:37  Zergling x12  
  28  4:38  Zergling x4  
  30  4:51  Zergling x4  
  30  4:52  Zergling x2  
  33  4:55  Metabolic Boost  
  33  4:58  Baneling x3  
  33  4:59  Baneling  
  33  5:00  Baneling  
  31  5:28  Baneling x2  
  23  5:36  Baneling  
  23  5:42  Drone x4  
  27  5:43  Drone x2  
  27  5:46  Baneling  
  27  5:48  Baneling  
  29  5:54  Baneling  
  29  5:57  Queen  
  29  5:59  Queen  
  33  6:04  Baneling  
  33  6:08  Zergling x4  
  33  6:09  Overlord x2  
  33  6:54  Baneling x2  
  31  6:57  Drone x6  
  37  7:14  Zergling x4  
  38  7:20  Hatchery  
  38  7:22  Drone x2  
  38  7:26  Zergling x4  
  38  7:27  Zergling x2  
  41  7:37  Hatchery  
  40  7:44  Drone x2  
  40  7:45  Drone x4  
  44  7:57  Drone x2  
  45  8:00  Queen  
  47  8:05  Drone  
  47  8:06  Drone x2  
  47  8:11  Drone  
  51  8:13  Drone  
  52  8:21  Evolution Chamber  
  52  8:23  Zergling x2  
  52  8:26  Baneling x4  
  52  8:34  Spine Crawler x2  
  52  8:35  Spine Crawler x2  
  52  8:36  Spine Crawler  
  46  8:55  Zergling x12  
  51  8:56  Zergling x12  
  58  9:17  Baneling x3  
  58  9:18  Baneling x5  
  58  9:19  Baneling  
  54  9:27  Zergling x2  
  54  9:28  Zergling x6  
  50  9:38  Zergling x2  
  50  9:39  Zergling x14  
  50  9:44  Zergling x6  
  54  9:55  Zergling x10  
  58  10:00  Zergling x2  
  55  10:08  Zergling x8  
  56  10:17  Zergling x4  
  56  10:18  Overlord x2  
  58  10:22  Zerg Ground Armor Level 1  
  58  10:27  Baneling  
  58  10:28  Baneling x6  
  58  10:29  Baneling x7  
  58  10:30  Baneling  
  58  10:35  Overlord  
  58  10:36  Overlord  
  54  10:51  Hatchery  
  44  11:03  Drone x3  
  44  11:04  Drone x3  
  47  11:06  Drone x3  
  50  11:14  Zergling x8  
  50  11:15  Zergling x10  
  59  11:23  Extractor x2  
  59  11:25  Lair  
  57  11:45  Zergling x2  
  57  11:46  Zergling x12  
  63  11:49  Zergling x4  
  66  12:01  Zergling x6  
  66  12:02  Zergling x8  
  69  12:11  Zergling x10  
  68  12:42  Hatchery, Spire  
  67  12:44  Hydralisk Den  
  65  13:18  Hydralisk x5  
  75  13:20  Hydralisk  
  76  13:27  Overseer  
  76  13:37  Hatchery  
  75  13:44  Hydralisk  
  75  13:45  Hydralisk x2  
  75  13:47  Overlord  
  81  13:49  Overlord  
  81  13:56  Drone x2  
  83  14:10  Spore Crawler  
Tags
 
Add a new tag
Caveats
  • Supply blocks, unpowered buildings, or Contaminate may cause inaccurate times.
  • Supply counts are checked every 10 seconds.